 Dungeon Crawl Stone Soup version 0.25-a0-1073-gf4359a17dd (webtiles) character file.

Game seed: 606844618521616435, levelgen mode: deterministic

66612 Flugslaktarn the Cleaver (level 15, -3/80 HPs)
             Began as a Vine Stalker Fighter on May 14, 2020.
             Was a Priest of Uskayaw.
             Slain by a sixfirhy (6 damage)
             ... summoned by an orc high priest
             ... on level 2 of the Orcish Mines.
             The game lasted 00:10:28 (14988 turns).

Flugslaktarn the Cleaver (Vine Stalker Fighter)    Turns: 14988, Time: 00:10:29

Health: -3/80      AC: 34    Str: 21    XL:     15   Next: 20%
Magic:  0/24       EV:  9    Int:  5    God:    Uskayaw [***...]
Gold:   724        SH: 12    Dex: 18    Spells: 14/14 levels left

rFire    . . .     SeeInvis .   A - +1 broad axe (drain)
rCold    + . .     Gourm    .   j - +0 kite shield
rNeg     . . .     Faith    .   H - +3 plate armour {rC+}
rPois    .         Spirit   +   y - +1 hat
rElec    .         Reflect  .   k - +1 cloak
rCorr    .         Harm     .   B - +2 pair of gloves
MR       +++..     Rnd*Rage +   C - +1 pair of boots
Stlth    ..........             D - necklace of Bloodlust {*Rage +Rage MR++ Int-3 Slay+6 *Curse} (curse)
HPRegen  1.03/turn              p - +4 ring of protection
MPRegen  0.19/turn              i - +4 ring of protection

@: lethally poisoned (-3 -> -3), very slightly contaminated, lightly drained
A: fangs 3, regeneration 2, magic shield, antimagic bite, no potion heal 3, rot
immunity
a: Stomp, Line Pass, Renounce Religion, Evoke Berserk Rage


You were on level 2 of the Orcish Mines.
You worshipped Uskayaw.
Uskayaw was aware of your devotion.
You were not hungry.

You visited 4 branches of the dungeon, and saw 24 of its levels.

You collected 1668 gold pieces.
You spent 944 gold pieces at shops.

Inventory:

Hand Weapons
 A - a +1 broad axe of draining (weapon)
   (You bought it in a shop on level 7 of the Dungeon)
 E - a +1 short sword of distortion
   (You took it off an orc warrior on level 8 of the Dungeon)
Armour
 j - a +0 kite shield (worn)
 k - a +1 cloak (worn)
   (You found it on level 5 of the Dungeon)
 y - a +1 hat (worn)
   (You found it on level 7 of the Dungeon)
 B - a +2 pair of gloves (worn)
   (You found it on level 4 of the Lair of Beasts)
 C - a +1 pair of boots (worn)
   (You found it on level 9 of the Dungeon)
 H - a +3 plate armour of cold resistance (worn)
   (You bought it in a shop on level 13 of the Dungeon)
Jewellery
 c - an uncursed ring of protection from cold
   (You found it on level 5 of the Dungeon)
 f - an uncursed ring of protection from fire
   (You found it on level 2 of the Lair of Beasts)
 i - a +4 ring of protection (right hand)
   (You found it on level 5 of the Lair of Beasts)
 p - a +4 ring of protection (left hand)
   (You found it on level 4 of the Dungeon)
 w - a cursed ring of teleportation {unknown}
   (You found it on level 14 of the Dungeon)
 D - the cursed necklace of Bloodlust (around neck) {*Rage +Rage MR++ Int-3 Slay+6 *Curse}
   (You found it on level 5 of the Dungeon)

   [amulet of nothing]

   It affects your intelligence (-3).
   It affects your accuracy and damage with ranged weapons and melee attacks
   (+6).
   It affects your resistance to hostile enchantments.
   It lets you go berserk.
   It may make you go berserk in combat.
   It curses itself when equipped.
   It has a curse placed upon it.
 K - a cursed ring of attention {unknown}
   (You found it on level 14 of the Dungeon)
Wands
 b - a wand of enslavement (5)
   (You found it on level 5 of the Dungeon)
 h - a wand of acid (9)
   (You found it on level 3 of the Dungeon)
 v - a wand of digging (7)
   (You found it on level 6 of the Lair of Beasts)
 F - a wand of iceblast (9)
   (You found it on level 5 of the Dungeon)
Scrolls
 a - a scroll of random uselessness {unknown}
 g - 3 scrolls of fog
 l - 3 scrolls of magic mapping
 n - a scroll of holy word {unknown}
 r - 3 scrolls of identify
 t - 6 scrolls of teleportation
 u - 4 scrolls of immolation
 x - 5 scrolls of remove curse
 z - 3 scrolls of blinking
Potions
 d - 3 potions of might
 m - a potion of cancellation
 o - 2 potions of invisibility
 q - 11 potions of curing
 G - a potion of resistance {unknown}
 I - 2 potions of lignification
 J - a potion of ambrosia
Comestibles
 e - 26 rations
 s - 4 chunks of flesh


   Skills:
 + Level 10.2(10.0) Fighting
 * Level 13.5(13.4) Axes
 + Level 9.3(9.2) Armour
 - Level 5.5(5.4) Dodging
 + Level 10.2(10.1) Shields
 * Level 10.7(10.6) Invocations


You had 14 spell levels left.
You didn't know any spells.
Your spell library was empty.

Dungeon Overview and Level Annotations

Branches:
Dungeon (15/15)            Temple (1/1) D:5            Lair (6/6) D:8
 Shoals (0/4) Lair:4       Spider (0/4) Lair:3        Slime (0/5) Lair:6
    Orc (2/2) D:12         Vaults (0/5) D:14         Depths (0/5) D:15
    Elf: Orc:2

Altars:
Ashenzari
Dithmenos
Elyvilon
Fedhas
Hepliaklqana
Kikubaaqudgha
Makhleb
Nemelex Xobeh
Okawaru
Ru
Sif Muna
Trog
Uskayaw
Vehumet
Wu Jian
Xom
Zin
Beogh

Shops:
D:7 (   D:8 (   D:9 !   D:13 [

Portals:
Trove: D:10 (give +5 demon blade)

Annotations:
D:7 1 exclusion
D:11 exclusion: 2 oklob plants
D:14 1 exclusion


Innate Abilities, Weirdness & Mutations

You have razor-sharp teeth.
You heal very quickly.
When hurt, damage is shared between your health and your magic reserves.
Your bite disrupts and absorbs the magic of your enemies.
Potions cannot restore your health.
You are immune to rotting.


Message History

As you read the scroll of blinking, it crumbles to dust.
You feel sick.
You feel sick.
You feel sick.
You feel sick.
You feel sick.
You feel sick.
You feel sick.
You feel sick.
You can no longer merge with and destroy a victim.
You feel sick.
You feel sick. The sixfirhy completely misses you. The sixfirhy hits you.
* * * LOW HITPOINT WARNING * * *
The sixfirhy shocks you!
* * * LOW HITPOINT WARNING * * *
Your plate armour prevents you from hitting the sixfirhy.
Your bite misses the sixfirhy.
You feel sick. The sixfirhy hits you.
* * * LOW HITPOINT WARNING * * *
The sixfirhy shocks you!
You die...

###.###.....####.........#####...
.#####......####........#####....
..#.#....o.................#.....
....3....#.......................
.........#..........##..........#
#.###.#.##..#.....#####......).##
### ##########...## #.....[)## .#
##...3..######....รท..## .#
##.....@..##........(..# .#
#....#.....##.......(... .#
###...##............#.(...
#....###.........#####....
#.#....# ##.........# #.(...
#.....####........#####....
#......##............#.....
##......#...#..#........)..
##.........####.......#...


You could see a sixfirhy (summoned) and an orc wizard (fast).

Vanquished Creatures
  A stone giant (Orc:2)
  Snorg (Lair:5)
  A fire dragon (Lair:6)
  Josephine (D:11)
  A yaktaur captain (D:15)
  2 hydras
  Erolcha (D:13)
  A death knight (D:13)
  A centaur warrior (D:15)
  An ogre mage (D:15)
  5 death yaks (Lair:6)
  A tengu warrior (D:13)
  10 two-headed ogres
  A fire crab (D:13)
  7 skeletal warriors
  2 unseen horrors
  Pikel (D:6)
  A deep elf mage (D:13)
  2 lindwurms (Lair:6)
  A cyclops (shapeshifter) (D:14)
  2 ugly things
  4 cyclopes
  A manticore (D:11)
  2 slime creatures (D:15)
  7 elephants (Lair:4)
  9 black mambas
  2 merfolk sirens (Lair:4)
  A centaur zombie (D:10)
  2 molten gargoyles (Lair:6)
  A torpor snail (Lair:6)
  9 spiny frogs
  A yaktaur (D:15)
  2 rime drakes
  7 komodo dragons
  A tengu conjurer (D:13)
  5 trolls
  A guardian mummy (D:10)
  2 polar bears
  3 meliai (D:15)
  13 hippogriffs
  4 blink frogs (Lair:4)
  2 shadows
  Sigmund (D:4)
  A spriggan (shapeshifter) (D:14)
  A wyvern (Lair:6)
  A vampire (D:11)
  6 wraiths
  A basilisk (shapeshifter) (D:13)
  23 yaks
  A golden eye (shapeshifter) (D:13)
  2 hungry ghosts
  6 basilisks
  4 vampire mosquitoes (D:13)
  3 steam dragons
  A warg (Orc:2)
  A soldier ant (shapeshifter) (D:14)
  A soldier ant (D:10)
  13 water moccasins
  Duvessa (D:6)
  A floating eye (D:11)
  4 hell hounds (Lair:6)
  15 orc warriors
  5 porcupines
  6 ogres
  4 sky beasts
  2 slaves (D:6)
  2 necrophages
  A black bear (D:11)
  A phantom (D:8)
  An ice beast (D:14)
  14 wolves
  6 centaurs
  Blork the orc (D:4)
  2 big kobolds
  7 crocodiles
  12 bullfrogs
  2 gnoll sergeants (D:8)
  A wyvern zombie (D:9)
  Dowan (D:6)
  A scorpion (D:13)
  8 killer bees
  A howler monkey (D:10)
  6 crimson imps
  4 lava snakes (Lair:6)
  3 bullfrog zombies
  2 quasits
  A human zombie (D:7)
  8 jellies
  5 hounds
  2 centaur skeletons
  A gnoll shaman (D:4)
  2 bullfrog skeletons
  14 orc priests
  2 iguanas
  3 hell rats (D:8)
  29 orc wizards
  8 worker ants
  A hound zombie (D:8)
  2 human simulacra (D:10)
  4 hound skeletons
  15 gnolls
  11 adders
  5 river rats (D:8)
  An ooze (Lair:6)
  2 adder skeletons
  7 worms
  2 dart slugs
  A leopard gecko (D:3)
  61 orcs
  7 bats
  4 giant cockroaches
  10 goblins
  5 hobgoblins
  11 jackals
  10 quokkas
  2 ball pythons (D:1)
  8 frilled lizards
  A jackal skeleton (D:9)
  17 kobolds
  A quokka skeleton (D:4)
  23 rats
  2 fungi
591 creatures vanquished.

Vanquished Creatures (others)
  A komodo dragon (Lair:6)
  A water elemental (D:12)
  2 bullfrogs (D:6)
  An orc (D:6)
  A quokka (D:6)
  3 fungi (Lair:6)
9 creatures vanquished.

Grand Total: 600 creatures vanquished

Notes
Turn   | Place    | Note
-------+----------+-------------------------------------------
     0 | D:1      | Flugslaktarn the Vine Stalker Fighter began the quest for
                  | the Orb.
     0 | D:1      | Reached XP level 1. HP: 11/11 MP: 2/2
    63 | D:1      | Reached skill level 2 in Axes
    63 | D:1      | Reached XP level 2. HP: 5/16 MP: 1/3
   399 | D:1      | You fall into a shaft and drop 1 floor!
   446 | D:2      | Reached XP level 3. HP: 19/19 MP: 4/4
  1007 | D:1      | Found a shimmering altar of Xom.
  1024 | D:1      | Gained mutation: Your natural rate of healing is unusually
                  | fast. [Vine Stalker growth]
  1024 | D:1      | Reached XP level 4. HP: 24/24 MP: 5/5
  1396 | D:2      | Found a faded altar of an unknown god.
  1638 | D:3      | Reached skill level 3 in Axes
  1900 | D:3      | Reached XP level 5. HP: 27/28 MP: 6/6
  2231 | D:4      | Noticed Blork the orc
  2240 | D:4      | Killed Blork the orc
  2240 | D:4      | Reached XP level 6. HP: 20/32 MP: 5/7
  2364 | D:4      | Reached skill level 4 in Axes
  2464 | D:4      | Noticed Sigmund
  2471 | D:4      | Killed Sigmund
  2471 | D:4      | Reached XP level 7. HP: 36/37 MP: 6/8
  2533 | D:4      | Reached skill level 1 in Dodging
  2944 | D:4      | Reached skill level 5 in Axes
  3067 | D:5      | Entered Level 5 of the Dungeon
  3071 | D:5      | Gained mutation: You have razor-sharp teeth. [Vine Stalker
                  | growth]
  3071 | D:5      | Reached XP level 8. HP: 42/42 MP: 9/9
  3224 | D:5      | Found a staircase to the Ecumenical Temple.
  3234 | Temple   | Entered the Ecumenical Temple
  3318 | Temple   | Became a worshipper of Uskayaw the Reveler
  3353 | D:5      | Reached * piety under Uskayaw
  3356 | D:5      | Reached ** piety under Uskayaw
  3590 | D:5      | Reached *** piety under Uskayaw
  3673 | D:5      | Found the cursed necklace of Bloodlust {*Rage +Rage MR++
                  | Int-3 Slay+6 *Curse}
  3749 | D:6      | Noticed a hippogriff
  3753 | D:6      | Killed a hippogriff
  3753 | D:6      | Reached skill level 6 in Axes
  3907 | D:6      | Noticed Pikel
  3912 | D:6      | Reached skill level 5 in Shields
  3923 | D:6      | Killed Pikel
  3923 | D:6      | Reached skill level 5 in Fighting
  3923 | D:6      | Reached XP level 9. HP: 46/47 MP: 10/10
  4175 | D:6      | Found a burning altar of Makhleb.
  4371 | D:6      | Noticed Duvessa
  4371 | D:6      | Noticed Dowan
  4376 | D:6      | Killed Duvessa
  4378 | D:6      | Killed Dowan
  4709 | D:7      | Reached skill level 7 in Axes
  5092 | D:7      | Found an ancient bone altar of Kikubaaqudgha.
  5100 | D:7      | Reached skill level 5 in Armour
  5177 | D:7      | Found Yckenloh's Weapon Boutique.
  5185 | D:7      | Bought a +1 war axe of flaming for 146 gold pieces
  5186 | D:7      | Bought a +0 broad axe for 44 gold pieces
  5579 | D:8      | Reached **** piety under Uskayaw
  5583 | D:8      | Reached XP level 10. HP: 49/53 MP: 11/11
  5696 | D:8      | Reached skill level 8 in Axes
  5803 | D:8      | Reached ***** piety under Uskayaw
  5934 | D:8      | Found a staircase to the Lair.
  6226 | D:8      | Reached ****** piety under Uskayaw
  6436 | D:8      | Found Noczyt Teru's Antique Weapon Shoppe.
  6438 | D:8      | Noticed a two-headed ogre
  6444 | D:8      | Killed a two-headed ogre
  6616 | Lair:1   | Entered Level 1 of the Lair of Beasts
  6632 | Lair:1   | Noticed a spiny frog
  6638 | Lair:1   | Killed a spiny frog
  6768 | Lair:1   | Reached skill level 9 in Axes
  6776 | Lair:1   | Reached XP level 11. HP: 58/58 MP: 12/12
  6939 | Lair:1   | Reached skill level 5 in Dodging
  7798 | Lair:2   | You fall into a shaft and drop 1 floor!
  7857 | Lair:3   | Found a hole to the Spider Nest.
  8121 | Lair:3   | Reached skill level 10 in Axes
  8125 | Lair:3   | Reached skill level 1 in Invocations
  8539 | Lair:4   | Gained mutation: You heal very quickly. [Vine Stalker
                  | growth]
  8539 | Lair:4   | Reached XP level 12. HP: 62/64 MP: 15/15
  8776 | Lair:4   | Noticed a five-headed hydra
  8784 | Lair:4   | Killed a one-headed hydra
  8803 | Lair:4   | Found a staircase to the Shoals.
  9693 | Lair:5   | Reached skill level 11 in Axes
  9693 | Lair:5   | Reached skill level 5 in Invocations
  9823 | Lair:5   | Noticed a five-headed hydra
  9823 | Lair:5   | Noticed Snorg
  9829 | Lair:5   | Killed a two-headed hydra
  9834 | Lair:5   | Killed Snorg
 10124 | Lair:6   | Entered Level 6 of the Lair of Beasts
 10227 | Lair:6   | Noticed a death yak
 10228 | Lair:6   | Noticed a death yak
 10228 | Lair:6   | Noticed a death yak
 10229 | Lair:6   | Noticed a death yak
 10229 | Lair:6   | Noticed a death yak
 10235 | Lair:6   | Reached XP level 13. HP: 53/69 MP: 14/18
 10618 | Lair:6   | Found a staircase to the Slime Pits.
 10828 | Lair:6   | Reached skill level 12 in Axes
 10984 | Lair:6   | Found a large runed translucent door.
 10985 | Lair:6   | Found a large runed translucent door.
 10989 | Lair:6   | Noticed a fire dragon
 11326 | Lair:6   | Killed a fire dragon
 11577 | D:9      | Found Ympocial's Distillery.
 11692 | D:10     | Entered Level 10 of the Dungeon
 12035 | D:10     | Found a portal to a secret trove of treasure.
 12293 | D:11     | Noticed Josephine
 12301 | D:11     | Killed Josephine
 12301 | D:11     | Reached XP level 14. HP: 47/75 MP: 21/21
 12519 | D:12     | Found a staircase to the Orcish Mines.
 12994 | D:13     | Noticed Erolcha
 13001 | D:13     | Killed Erolcha
 13085 | D:13     | Found Roleam's Antique Armour Shop.
 13246 | D:13     | Bought a runed plate armour for 754 gold pieces
 13616 | D:15     | Entered Level 15 of the Dungeon
 13627 | D:15     | Reached skill level 13 in Axes
 13661 | D:15     | Reached skill level 10 in Invocations
 13663 | D:15     | Reached skill level 10 in Shields
 13667 | D:15     | Reached skill level 10 in Fighting
 13730 | D:15     | Found a staircase to the Depths.
 13911 | D:14     | Found a gate to the Vaults.
 13915 | D:14     | Reached XP level 15. HP: 79/80 MP: 23/23
 14146 | D:11     | Paralysed by a floating eye for 3 turns
 14227 | Orc:1    | Entered Level 1 of the Orcish Mines
 14365 | Orc:2    | Entered Level 2 of the Orcish Mines
 14398 | Orc:2    | Found a roughly hewn altar of Beogh.
 14692 | Orc:2    | Found a roughly hewn altar of Beogh.
 14988 | Orc:2    | HP: 3/80 [sixfirhy[an orc high priest] (2)]
 14988 | Orc:2    | Slain by a sixfirhy

Illustrated notes

Levels and vault maps discovered:
D:1:      onia_arrival_mini_spirals, layout_rooms, xom_teletrap_fun
D:2:      layout_loops_ring, chequers_ecumenical_altar_grove, first_ration,
          minmay_tiny_reverse_x
D:3:      layout_loops_cross
D:4:      minmay_clustersquares, layout_basic, uniq_blork_the_orc, uniq_sigmund
D:5:      layout_basic, minmay_temple_entry_statues_fountains
D:6:      layout_loops_corners, makhleb_blood_cavern_becter,
          hangedman_decor_points, uniq_duvessa, uniq_pikel
D:7:      layout_loops_corners, lemuel_mausoleum_altar_kikubaaqudgha,
          serial_shops, shop
D:8:      lemuel_ratsnest, layout_basic, lair_entry_dummy, serial_shops,
          nicolae_shop_competitors_out_of_business, kennysheep_generic_room_15
D:9:      layout_rooms, serial_shops, nicolae_shop_statue_plus,
          gammafunk_ghost_hive
D:10:     layout_gridville, nicolae_trove_entry_path_of_doom, grunt_livestock,
          bh_circular_ruins
D:11:     layout_small_grid, disabler_island, uniq_josephine
D:12:     layout_big_octagon, orc_0_dummy, serial_shops,
          nicolae_shop_waterfront, minivault_19, lemuel_freeze_loot_1
D:13:     layout_basic, serial_shops, shop, grunt_potential, uniq_erolcha
D:14:     layout_roguey, david_vaults_2, tgw_sif, uniq_roxanne
D:15:     grunt_enter_depths_snipers, layout_basic, guppyfry_shop_blood
Temple:   regret_index_temple_chain_breaker
Lair:1:   layout_gridlike
Lair:2:   layout_chaotic_city, grunt_megastairs_1
Lair:3:   layout_chaotic_city, dummy_spider_entry
Lair:4:   layout_cave_pods, elwin_shoals_entry_rooms
Lair:5:   layout_roguey, uniq_snorg
Lair:6:   cheibrodos_lair_end_hotspot, layout_big_grid,
          nicolae_slime_entry_slimehenge, st_stairs_3, serial_bayou_shore_b
Orc:1:    layout_diamond_mine, chequers_guarded_unrand_ignorance
Orc:2:    st_orc_mages, layout_diamond_mine, basic_altar, mines2_david

Skill      XL: |  1  2  3  4  5  6  7  8  9 10 11 12 13 14 |
---------------+-------------------------------------------+-----
Axes           | 2 3 4 5 6 7 9 10 11 12 13 | 13.5
Shields        | 3 4 5 6 7 8 9 10 | 10.2
Fighting       | 3 4 5 6 7 8 9 10 | 10.2
Armour         | 3 4 5 6 7 8 9 |  9.3
Dodging        | 1 3 4 5 |  5.5
Invocations    | 2 6 8 10 | 10.7

Action                   |  1- 3 |  4- 6 |  7- 9 | 10-12 | 13-15 || total
-------------------------+-------+-------+-------+-------+-------++-------
Melee: War axe           |   111 |   117 |   235 |   333 |   154 ||   950
       Bite              |    18 |    44 |    82 |   133 |   206 ||   483
       Broad axe         |       |       |       |       |   354 ||   354
Evoke: Wand              |       |       |       |     2 |       ||     2
  Use: Scroll            |       |     8 |     5 |     6 |     9 ||    28
 Stab: Paralysed         |       |       |     3 |    40 |    64 ||   107
  Eat: Chunk             |     1 |     4 |     9 |    13 |    11 ||    38
       Ration            |       |       |     1 |     1 |     2 ||     4
Armor: Scale mail        |    50 |    42 |    40 |       |       ||   132
       Chain mail        |       |       |    70 |   153 |   161 ||   384
       Plate armour      |       |       |       |       |   142 ||   142
Dodge: Dodged            |    51 |    29 |    54 |   120 |   156 ||   410
Block: Kite shield       |    80 |    65 |   133 |   203 |   298 ||   779

Table legend:
 A = Non-vault XP
 B = Vault XP
 C = Vault XP percentage of total XP
 D = Non-vault monster count
 E = Vault monster count
 F = Vault count percentage of total count
                 A         B        C        D         E       F
            +---------+---------+-------+---------+---------+-------
      Total |   71056 |   24105 |  25.3 |     443 |     145 |  24.7
            +---------+---------+-------+---------+---------+-------
        D:1 |      43 |       0 |   0.0 |      26 |       0 |   0.0
        D:2 |      48 |       5 |   9.4 |      17 |       2 |  10.5
        D:3 |      82 |       0 |   0.0 |      21 |       0 |   0.0
        D:4 |     479 |     515 |  51.8 |      24 |       8 |  25.0
        D:5 |     676 |       0 |   0.0 |      20 |       0 |   0.0
        D:6 |     521 |    1019 |  66.2 |      10 |       5 |  33.3
        D:7 |     493 |      44 |   8.2 |       8 |       1 |  11.1
        D:8 |    3014 |     589 |  16.3 |      44 |      37 |  45.7
        D:9 |    2075 |       0 |   0.0 |      24 |       0 |   0.0
       D:10 |    1375 |     369 |  21.2 |      14 |       3 |  17.6
       D:11 |    4404 |    2265 |  34.0 |      19 |       7 |  26.9
       D:12 |    2244 |       0 |   0.0 |       8 |       0 |   0.0
       D:13 |    8380 |    4551 |  35.2 |      33 |      20 |  37.7
       D:14 |    1341 |     936 |  41.1 |       5 |       3 |  37.5
       D:15 |   11026 |    2296 |  17.2 |      17 |       3 |  15.0
     Lair:1 |    3706 |       0 |   0.0 |      22 |       0 |   0.0
     Lair:2 |    2282 |     881 |  27.9 |      11 |       3 |  21.4
     Lair:3 |    1504 |       0 |   0.0 |       6 |       0 |   0.0
     Lair:4 |    7579 |     885 |  10.5 |      22 |       2 |   8.3
     Lair:5 |    5315 |    1117 |  17.4 |      21 |       1 |   4.5
     Lair:6 |    9949 |    7991 |  44.5 |      25 |      32 |  56.1
      Orc:1 |     609 |       0 |   0.0 |      10 |       0 |   0.0
      Orc:2 |    3911 |     642 |  14.1 |      36 |      18 |  33.3
            +---------+---------+-------+---------+---------+-------
